 Dungeon Crawl Stone Soup version 0.27.0-1-g7a089689b8 (webtiles) character file.

Game seed: 3946359078661059911

143 ixrisor the Magician (level 5, -1/39 HPs)
             Began as a Djinni Fire Elementalist on Aug 9, 2021.
             Slain by Grinder (2 damage)
             ... on level 3 of the Dungeon.
             The game lasted 00:19:09 (2367 turns).

ixrisor the Magician (Djinni Fire Elementalist)     Turns: 2367, Time: 00:19:10

Health: -1/39      AC:  3    Str:  7    XL:     5   Next: 50%
Gold:   53         EV: 12    Int: 18    God:
                   SH:  0    Dex: 13

rFire    + + +     SeeInvis .   (no weapon)
rCold    . . .     Faith    .   (no shield)
rNeg     + . .     Spirit   .   a - +1 robe
rPois    ∞         Reflect  .   (no helmet)
rElec    +         Harm     .   (no cloak)
rCorr    +         Rampage  .   (no gloves)
Will     .....                  (boots unavailable)
Stlth    ++........             (no amulet)
HPRegen  0.13/turn              f - ring of positive energy
MPRegen  0.00/turn              (no ring)

@: resistant, flying
A: sickness immunity, fire resistance 2, cold vulnerability 1, float, innate
caster, hp casting, extra vitality 1
a: no special abilities


You were on level 3 of the Dungeon.
You visited 1 branch of the dungeon, and saw 3 of its levels.

You collected 53 gold pieces.

Inventory:

Armour
 a - a +1 robe (worn)
Jewellery
 f - a ring of positive energy (left hand)
 j - a ring of see invisible
Scrolls
 d - 3 scrolls of immolation
 e - 2 scrolls of identify
 i - a scroll of enchant armour
Potions
 g - a potion of resistance
 h - a potion of brilliance {unknown}
 k - a potion of might {unknown}


   Skills:
 + Level 2.4 Fighting
 - Level 2.1 Dodging
 - Level 1.5 Stealth
 * Level 3.9 Spellcasting


You couldn't memorise any spells.
You knew the following spells:

 Your Spells              Type           Power      Damage    Failure   Level
a - Foxfire               Conj/Fire      68%        2x1d7     3%          1
b - Conjure Flame         Conj/Fire      17%        6-21      9%          3
c - Inner Flame           Hex/Fire       17%        N/A       9%          3
d - Sticky Flame          Conj/Fire      17%        2d4       28%         4
e - Fireball              Conj/Fire      8%         3d6       63%         5
f - Animate Skeleton      Necr           34%        N/A       3%          1
g - Ensorcelled Hibernat  Hex/Ice        34%        N/A       4%          2
Your spell library was empty.

Dungeon Overview and Level Annotations

Branches:
Dungeon (3/15)

Altars:
Gozag

Annotations:
D:3 Grinder


Innate Abilities, Weirdness & Mutations

You are immune to sickness and miasma.
You are immune to poison.
Your flesh is very heat resistant. (rF++)
You are vulnerable to cold. (rC-)
You float through the air rather than walking.
You learn spells naturally, not from books.
Your magical power is your life essence.
You have superior vitality. (+4 HP)


Message History

Grinder hits you.
* * * LOW HITPOINT WARNING * * *
Grinder barely misses you.
You can move again.
Casting: Foxfire (safe; 3% risk of failure)
Confirm with . or Enter, or press ? or * to list all spells.
You conjure some foxfire!
* * * LOW HITPOINT WARNING * * *
Grinder hits you.
* * * LOW HITPOINT WARNING * * *
You writhe in agony.
* * * LOW HITPOINT WARNING * * *
You feel better.
The foxfire hits Grinder.
Grinder is moderately wounded.
The foxfire hits Grinder.
Grinder is moderately wounded.
Grinder hits you but does no damage.
You feel better. Grinder hits you.
* * * LOW HITPOINT WARNING * * *
You writhe in agony.
* * * LOW HITPOINT WARNING * * *
Your magical contamination has completely faded away.
The foxfire hits Grinder but does no damage.
Grinder is moderately wounded.
Casting: Foxfire (safe; 3% risk of failure)
Confirm with . or Enter, or press ? or * to list all spells.
You conjure some foxfire!
* * * LOW HITPOINT WARNING * * *
Grinder gestures at you. Pain shoots through your body!
* * * LOW HITPOINT WARNING * * *
The foxfire hits Grinder.
Grinder is heavily wounded.
The foxfire hits Grinder.
Grinder is heavily wounded.
Grinder says, "DUCK!"
It was a potion of resistance.
You feel protected. Grinder hits you.
You die...

###...... ########.).. #h.......
............ #g#
####################h.... #.#
#.[..........#.5.....†... #K#
##.#########.#.####...... #b#
#.#######.#.#5# #...... #.#
#.......†.#.#.# #......
#.###############.#.#.####......
#[g............@5..†<...÷()÷.###
###########################..#
....# ###.## ..# ####


You could see Grinder.

Vanquished Creatures
  Natasha (twice) (D:3)
  Robin (D:3)
  A worm (D:2)
  2 dart slugs
  6 bats
  6 endoplasms
  3 giant cockroaches
  14 goblins
  8 hobgoblins
  3 jackals (D:1)
  2 quokkas (D:1)
  4 ball pythons
  7 frilled lizards
  6 kobolds
  5 rats
70 creatures vanquished.

Vanquished Creatures (others)
  182 foxfires
182 creatures vanquished.

Grand Total: 252 creatures vanquished

Notes
Turn   | Place    | Note
-------+----------+-------------------------------------------
     0 | D:1      | ixrisor the Djinni Fire Elementalist began the quest for
                  | the Orb.
     0 | D:1      | Reached XP level 1. HP: 15/15 MP: 0/0
    56 | D:1      | Reached XP level 2. HP: 16/22 MP: 0/0
   440 | D:1      | Reached skill level 1 in Fighting
   461 | D:1      | Reached XP level 3. HP: 21/27 MP: 0/0
   461 | D:1      | Learned a level 1 spell: Animate Skeleton
   556 | D:1      | Reached skill level 3 in Spellcasting
  1090 | D:2      | Found an opulent altar of Gozag.
  1259 | D:2      | Found a faded altar of an unknown god.
  1353 | D:2      | Reached XP level 4. HP: 23/32 MP: 0/0
  1856 | D:3      | Noticed Natasha
  1966 | D:3      | Killed Natasha
  2047 | D:3      | Noticed Robin
  2050 | D:3      | Noticed Grinder
  2051 | D:3      | Reached XP level 5. HP: 28/38 MP: 0/0
  2051 | D:3      | Learned a level 2 spell: Ensorcelled Hibernation
  2056 | D:3      | Noticed Natasha
  2065 | D:3      | Killed Robin
  2336 | D:3      | Killed Natasha
  2341 | D:3      | Paralysed by Grinder for 6 turns
  2357 | D:3      | Paralysed by Grinder for 3 turns
  2360 | D:3      | HP: 1/39 [Grinder (2)]
  2367 | D:3      | Slain by Grinder

Illustrated notes

Levels and vault maps discovered:
D:1:      wander_arrival_peaceful_grave, layout_loops_ring
D:2:      layout_rooms, basic_altar, hellmonk_ecumenical_altar_crossroads
D:3:      layout_basic, amcnicky_mini_pool_small, uniq_terence, uniq_grinder,
          uniq_natasha, uniq_robin

Skill      XL: |  1  2  3  4 |
---------------+-------------+-----
Fighting       | 1 2 |  2.4
Spellcasting   | 3 |  3.9
Dodging        | |  2.1
Stealth        | |  1.5

Action                   |  1- 3 |  4- 6 || total
-------------------------+-------+-------++-------
Melee: Unarmed           |    17 |       ||    17
 Cast: Foxfire           |    54 |    56 ||   110
       Animate Skeleton  |     1 |     1 ||     2
       Conjure Flame     |       |     2 ||     2
  Use: Scroll            |     4 |       ||     4
       Potion            |       |     4 ||     4
Armor: Robe              |     5 |    12 ||    17
Dodge: Dodged            |    21 |    24 ||    45
